 Dungeon Crawl Stone Soup version 0.24-a0-611-gfb3efd0 (webtiles) character file.

Game seed: 15422413647578321787, levelgen mode: deterministic

1312 Spazmo the Thaumaturge (level 8, -1/41 HPs)
             Began as a Deep Elf Fire Elementalist on Sept 9, 2019.
             Killed from afar by an orc wizard (10 damage)
             ... with a magic dart
             ... on level 7 of the Dungeon.
             The game lasted 00:12:00 (5176 turns).

Spazmo the Thaumaturge (Deep Elf Fire Elementalist) Turns: 5176, Time: 00:12:01

Health: -1/41      AC:  3    Str:  5    XL:     8   Next: 32%
Magic:  21/31      EV: 13    Int: 23    God:
Gold:   240        SH:  0    Dex: 15    Spells: 8/23 levels left

rFire    . . .     SeeInvis .   j - +2 hand axe (chop)
rCold    . . .     Gourm    .   (no shield)
rNeg     + . .     Faith    .   a - +1 robe
rPois    .         Spirit   .   (no helmet)
rElec    .         Reflect  .   (no cloak)
rCorr    .         Harm     .   (no gloves)
MR       .....                  (no boots)
Stlth    ++........             k - amulet of regeneration
HPRegen  0.53/turn              o - ring of positive energy
MPRegen  0.22/turn              t - ring of magical power

@: no status effects
A: no striking features
a: no special abilities


You were on level 7 of the Dungeon.
You were hungry.

You visited 2 branches of the dungeon, and saw 8 of its levels.

You collected 240 gold pieces.

Inventory:

Hand Weapons
 b - a +0 short sword
 j - a +2 hand axe of chopping (weapon)
Missiles
 e - 213 stones (quivered)
Armour
 a - a +1 robe (worn)
Jewellery
 k - an amulet of regeneration (around neck)
 o - a ring of positive energy (left hand)
 t - a ring of magical power (right hand)
Wands
 f - a wand of polymorph (5)
 q - a wand of digging (7)
Scrolls
 i - a scroll of fog
 n - 3 scrolls of teleportation
 p - a scroll of noise {unknown}
 r - 4 scrolls of identify
 u - a scroll of summoning {unknown}
Potions
 d - 3 potions of haste
 g - a potion of agility {unknown}
 h - a potion of might {unknown}
 l - a potion of curing
 m - 3 potions of magic
Comestibles
 c - 9 rations


   Skills:
 - Level 2.4 Dodging
 - Level 2.4 Stealth
 + Level 8.2 Spellcasting
 + Level 6.4 Conjurations
 + Level 7.2 Fire Magic


You had 8 spell levels left.
You knew the following spells:

 Your Spells              Type           Power        Failure   Level  Hunger
a - Flame Tongue          Conj/Fire      #####        1%          1    None
b - Throw Flame           Conj/Fire      #####.       1%          2    None
c - Conjure Flame         Conj/Fire      #####...     1%          3    None
d - Sticky Flame          Conj/Fire      #####...     4%          4    ###....
e - Fireball              Conj/Fire      #####.....   12%         5    #####..

Your spell library contained the following spells:

 Spells                   Type           Power        Failure   Level  Hunger
 Inner Flame              Hex/Fire       ####....     4%          3    None


Dungeon Overview and Level Annotations

Branches:
Dungeon (7/15)             Temple (1/1) D:5

Altars:
Ashenzari
Cheibriados
Dithmenos
Elyvilon
Fedhas
Gozag
Hepliaklqana
Kikubaaqudgha
Makhleb
Nemelex Xobeh
Okawaru
Qazlal
Ru
Sif Muna
Wu Jian
Xom
Yredelemnul
Zin

Annotations:
D:5 3 runed translucent doors, bakahatsu's ghost, novice TrGl


Message History

You kill the orc priest!
Casting: Flame Tongue (safe; 1% risk of failure)
Confirm with . or Enter, or press ? or * to list all spells.
Aiming: Flame Tongue (safe; 1% risk of failure)
Press: ? - help, Shift-Dir - straight line, f - orc
Aim: an orc, wielding a +0 falchion and wearing a +0 leather armour The flame tongue hits the orc!
You kill the orc!
The orc wizard casts a spell.
The orc wizard blinks!
Casting: Flame Tongue (safe; 1% risk of failure)
Confirm with . or Enter, or press ? or * to list all spells.
Aiming: Flame Tongue (safe; 1% risk of failure)
Press: ? - help, Shift-Dir - straight line, f - orc wizard
Aim: an orc wizard, wielding a +0 dagger and wearing a +0 robe (fast)
The flame tongue hits the orc wizard.
The orc wizard is moderately wounded.
The orc wizard gestures at you while chanting.
The magic dart hits you!
You die...

...........# ...........#
...........# ...........#
...........#########
#######+####'#..........#
.........#...#..........#
.........#...#......o...#
###..##<.#...#..@.......#
##..##..#...#####).....#
#.......#.......#.......
#...##..##..##..#.......
#...##########..#.o.ยง.._
#...........'...#.......
#...........#...#^......
#################.......


You could see an orc wizard.

Vanquished Creatures
  An ice beast (D:6)
  A sky beast (D:5)
  A phantom (D:5)
  An ogre (D:6)
  A necrophage (D:5)
  A centaur (D:6)
  A crimson imp (D:5)
  An orc priest (D:7)
  3 hounds (D:5)
  3 jellies
  2 iguanas (D:5)
  Natasha (D:2)
  5 orc wizards
  4 worker ants
  A hound zombie (D:7)
  A worker ant zombie (D:6)
  A howler monkey skeleton (D:6)
  9 adders
  A white imp (D:5)
  2 oozes
  An adder skeleton (D:6)
  2 worms
  3 dart slugs
  5 leopard geckos
  16 orcs
  6 bats
  6 giant cockroaches
  5 goblins
  5 hobgoblins
  7 jackals
  A quokka (D:5)
  2 ball pythons
  3 frilled lizards
  5 kobolds
  A leopard gecko skeleton (D:4)
  A quokka skeleton (D:4)
  5 rats
115 creatures vanquished.

Notes
Turn   | Place    | Note
-------+----------+-------------------------------------------
     0 | D:1      | Spazmo the Deep Elf Fire Elementalist began the quest for
                  | the Orb.
     0 | D:1      | Reached XP level 1. HP: 10/10 MP: 6/6
   168 | D:1      | Reached XP level 2. HP: 10/15 MP: 4/8
   172 | D:1      | Learned a level 2 spell: Throw Flame
   589 | D:1      | Found a shattered altar of Ashenzari.
   963 | D:2      | Reached XP level 3. HP: 14/19 MP: 6/10
   968 | D:2      | Learned a level 3 spell: Conjure Flame
  1003 | D:2      | Found a faded altar of an unknown god.
  1292 | D:2      | Found a burning altar of Makhleb.
  1372 | D:2      | Found an opulent altar of Gozag.
  1378 | D:2      | Reached skill level 4 in Spellcasting
  1645 | D:2      | Noticed Natasha
  1646 | D:2      | Found a stormy altar of Qazlal.
  1650 | D:2      | Reached XP level 4. HP: 24/24 MP: 7/12
  1653 | D:2      | Killed Natasha
  1744 | D:3      | Found an ancient bone altar of Kikubaaqudgha.
  1754 | D:3      | Found a shimmering altar of Xom.
  2108 | D:3      | Reached XP level 5. HP: 28/28 MP: 4/14
  2123 | D:3      | Learned a level 4 spell: Sticky Flame
  2546 | D:3      | Reached skill level 5 in Spellcasting
  2813 | D:4      | Found a shadowy altar of Dithmenos.
  3283 | D:5      | Entered Level 5 of the Dungeon
  3312 | D:5      | Found a runed translucent gate.
  3314 | D:5      | Found a runed translucent gate.
  3399 | D:5      | Found a runed translucent gate.
  3441 | D:5      | Reached skill level 5 in Fire Magic
  3441 | D:5      | Reached XP level 6. HP: 32/32 MP: 10/16
  3448 | D:5      | Learned a level 5 spell: Fireball
  3467 | D:5      | Noticed bakahatsu's ghost (novice TrGl)
  3643 | D:5      | Reached skill level 6 in Spellcasting
  3725 | D:5      | Reached XP level 7. HP: 30/36 MP: 10/18
  3791 | D:5      | Reached skill level 5 in Conjurations
  3908 | D:5      | Found a basalt altar of Yredelemnul.
  3964 | D:5      | Found a blossoming altar of Fedhas.
  3965 | D:5      | Found an ancient bone altar of Kikubaaqudgha.
  3971 | D:5      | Reached skill level 7 in Spellcasting
  4111 | D:5      | Found a staircase to the Ecumenical Temple.
  4120 | Temple   | Entered the Ecumenical Temple
  4488 | D:6      | Reached XP level 8. HP: 31/41 MP: 1/21
  4681 | D:6      | Found a sparkling altar of Nemelex Xobeh.
  4780 | D:6      | Reached skill level 8 in Spellcasting
  5165 | D:7      | Found a shadowy altar of Dithmenos.
  5176 | D:7      | Killed from afar by an orc wizard

Levels and vault maps discovered:
D:1:      elethiomel_arrival_infinity_welcomes_careful_drivers,
          layout_loops_ring, evilmike_ruin_ashenzari
D:2:      layout_loops_ring, lemuel_round_altar, lemuel_coloured_pillars_altar,
          old_standard_altar, chequers_ecumenical_altar_simple, uniq_natasha
D:3:      layout_loops_cross, nicolae_overflow_crystal_walls, first_ration,
          minmay_crystal_water, tgw_kikubaaqudgha
D:4:      layout_basic, grunt_dithmenos_smoke
D:5:      layout_basic, grunt_temple_overflow_growth_and_decay,
          yredelemnul_altar_generic, minmay_temple_entry_antechambers,
          gammafunk_ghost_necromancy
D:6:      layout_cave_pools, lemuel_crystal_altar, st_stairs_10,
          corexii_item_surrounded_by_moat, eino_small_chamber_without_monster
D:7:      layout_gridville, basic_altar
Temple:   nicolae_temple_figure_zero

Skill      XL: |  1  2  3  4  5  6  7  8 |
---------------+-------------------------+-----
Conjurations   | 2 3 4 5 6 |  6.4
Spellcasting   | 4 5 6 7 8 |  8.2
Fire Magic     | 4 5 6 7 |  7.2
Dodging        | |  2.4
Stealth        | |  2.4

Action                   |  1- 3 |  4- 6 |  7- 9 || total
-------------------------+-------+-------+-------++-------
Melee: Short sword       |     8 |       |       ||     8
       Hand axe          |       |    12 |    43 ||    55
 Cast: Flame Tongue      |    66 |    99 |    73 ||   238
       Throw Flame       |     1 |    17 |    20 ||    38
       Sticky Flame      |       |     2 |       ||     2
Evoke: Wand              |       |       |     6 ||     6
  Use: Scroll            |       |     7 |       ||     7
       Potion            |       |     2 |     1 ||     3
  Eat: Chunk             |     2 |     4 |     3 ||     9
       Ration            |       |     1 |       ||     1
Armor: Robe              |     5 |     9 |    11 ||    25
Dodge: Dodged            |    26 |    27 |    47 ||   100

Table legend:
 A = Non-vault XP
 B = Vault XP
 C = Vault XP percentage of total XP
 D = Non-vault monster count
 E = Vault monster count
 F = Vault count percentage of total count
                 A         B        C        D         E       F
            +---------+---------+-------+---------+---------+-------
      Total |    1836 |      39 |   2.1 |     113 |       2 |   1.7
            +---------+---------+-------+---------+---------+-------
        D:1 |      40 |       0 |   0.0 |      21 |       0 |   0.0
        D:2 |      59 |      36 |  37.9 |      12 |       1 |   7.7
        D:3 |     163 |       0 |   0.0 |      32 |       0 |   0.0
        D:4 |       2 |       0 |   0.0 |       2 |       0 |   0.0
        D:5 |     916 |       0 |   0.0 |      24 |       0 |   0.0
        D:6 |     557 |       3 |   0.5 |      18 |       1 |   5.3
        D:7 |      99 |       0 |   0.0 |       4 |       0 |   0.0
            +---------+---------+-------+---------+---------+-------
